 Dungeon Crawl Stone Soup version 0.29.0-4-gdea44cf6ec (webtiles) character file.

Game seed: 16138088298534850768

5401 qw the Cleaver (level 10, -3/89 HPs)
             Began as a Minotaur Fighter on Sept 4, 2022.
             Was a Follower of Ru.
             Succumbed to a killer bee's poison
             ... on level 9 of the Dungeon.
             The game lasted 00:03:40 (10010 turns).

qw the Cleaver (Minotaur Fighter)                  Turns: 10010, Time: 00:03:40

Health: -3/89      AC: 17    Str: 31    XL:     10   Next: 40%
Magic:  9/9        EV:  6    Int:  5    God:    Ru [*.....]
Gold:   476        SH: 10    Dex: 10    Spells: 9/9 levels left

rFire   . . .      SeeInvis .   Y - +1 war axe (vorpal)
rCold   . . .      Faith    .   m - +0 kite shield
rNeg    . . .      Spirit   .   a - +0 plate armour
rPois   .          Reflect  .   (helmet restricted)
rElec   .          Harm     .   j - +0 cloak
rCorr   +          Rampage  .   p - +1 pair of gloves
Will    .....                   k - +0 pair of boots
Stlth   ..........              (no amulet)
HPRegen 0.24/turn               v - +6 ring of strength
MPRegen 0.11/turn               r - ring of resist corrosion

@: lethally poisoned (-3 -> -22), about to teleport
A: horns 2, inability to train dodging, retaliatory headbutt
a: Renounce Religion


You were on level 9 of the Dungeon.
You worshipped Ru.
Ru was aware of your devotion.
You visited 2 branches of the dungeon, and saw 10 of its levels.
You also visited: Sewer.

You collected 476 gold pieces.


Innate Abilities, Weirdness & Mutations

You have a pair of horns on your head.
You cannot train Dodging skill.
You reflexively headbutt those who attack you in melee.


   Skills:
 - Level 8.3 Fighting
 - Level 13.0 Axes
 - Level 3.1 Throwing
 + Level 6.6 Armour
 - Level 9.0 Shields


You had 9 spell levels left.
You didn't know any spells.
Your spell library was empty.

Inventory:

Hand Weapons
 e - a +4 morningstar of freezing
 Y - a +1 vorpal war axe (weapon)
Missiles
 n - 4 javelins (quivered)
 u - a silver javelin
Armour
 a - a +0 plate armour (worn)
 j - a +0 cloak (worn)
 k - a +0 pair of boots (worn)
 m - a +0 kite shield (worn)
 p - a +1 pair of gloves (worn)
Jewellery
 b - a ring of positive energy
 r - a ring of resist corrosion (right hand)
 v - a +6 ring of strength (left hand)
Scrolls
 c - a scroll of identify
Potions
 d - 3 potions of might
 f - a potion of curing
 i - a potion of mutation {unknown}
 o - a potion of flight {unknown}
 q - a potion of cancellation {unknown}
 s - a potion of haste {unknown}

Dungeon Overview and Level Annotations

Branches:
Dungeon (9/15)             Temple (1/1) D:6           Sewer (visited)
   Lair: D:8-11         Orc: D:9-12

Altars:
Ashenzari
Cheibriados
Dithmenos
Elyvilon
Fedhas
Gozag
Hepliaklqana
Kikubaaqudgha
Makhleb
Nemelex Xobeh
Okawaru
Qazlal
Ru
Sif Muna
Trog
Uskayaw
Vehumet
Wu Jian
Xom
Yredelemnul
Zin
The Shining One

Shops:
D:3 :   D:4 :

Annotations:
D:5 3 runed translucent doors, qw's ghost, novice FoCA


Message History

You are lethally poisoned!
The killer bee poisons you! The killer bee barely misses you.
You block the killer bee's attack. x2
The killer bee rages.
You block the killer bee's attack.
The killer bee stings you but does no damage.
You hear an angry buzzing noise. x2; You hear a bellow!
You miss the killer bee.
The killer bee is moderately wounded.
You hit the killer bee. x2
You feel extremely sick.
You block the killer bee's attack. x2; The killer bee stings you!
You redirect the killer bee's attack!
The killer bee barely misses itself.
The killer bee stings you but does no damage. x2
The killer bee buzzes angrily.
You miss the killer bee.
The killer bee is moderately wounded.
You slash the queen bee!
You feel extremely sick.
You hear a bellow!
You block the killer bee's attack. The killer bee stings you.
The killer bee rages.
The killer bee stings you but does no damage. x2
You hear an angry buzzing noise. x2
10009 ||| READING scroll of teleportation.
As you read the scroll of teleportation, it crumbles to dust.
You feel strangely unstable.
You feel very sick. The killer bee closely misses you.
The killer bee rages.
You block the killer bee's attack. The killer bee barely misses you.
You furiously retaliate!
You headbutt the killer bee.
The queen bee stings you but does no damage.
The killer bee stings you! You block the killer bee's attack.
You hear an angry buzzing noise.
You hit the queen bee but do no damage.
The queen bee is moderately wounded.
You closely miss the killer bee. x2
You die...

### ....###
......y#### ########
.....yy@..###......#
#....yy##...'......#
......y #####......#
##..... #......#
#..... #......#
#..... #......#
#..... #......#
..#### ##'##### #.#


You could see a queen bee and 5 killer bees.

Vanquished Creatures
  Erica (D:8)
  Psyche (D:8)
  Grinder (D:4)
  A wyvern (D:4)
  3 yaks (D:8)
  3 water moccasins
  3 black bears
  An orc warrior (D:6)
  2 sky beasts
  An ogre (D:5)
  2 centaurs
  A phantom (D:7)
  2 necrophages
  5 bullfrogs
  2 gnoll sergeants
  13 wights
  3 killer bees (D:9)
  2 vampire bats (D:6)
  4 howler monkeys
  2 jellies
  A hound (D:5)
  2 gnoll boudas
  An orc priest (D:6)
  An iron imp (D:7)
  7 iguanas
  7 orc wizards
  A hell rat (Sewer)
  Robin (D:3)
  12 gnolls
  7 adders
  2 river rats (Sewer)
  2 shadow imps
  3 white imps
  An ufetubus (D:5)
  5 worms
  4 dart slugs
  23 orcs
  6 ball pythons
  3 bats (D:1)
  3 bat skeletons (D:6)
  2 bat zombies (D:6)
  5 endoplasms
  6 giant cockroaches
  11 goblins
  8 hobgoblins
  A jackal (D:4)
  7 kobolds
  3 quokkas
  13 frilled lizards
  8 rats
209 creatures vanquished.

Vanquished Creatures (others)
  8 plants (D:5)
8 creatures vanquished.

Grand Total: 217 creatures vanquished

Notes
Turn   | Place    | Note
-------+----------+-------------------------------------------
     0 | D:1      | qw the Minotaur Fighter began the quest for the Orb.
     0 | D:1      | Reached XP level 1. HP: 19/19 MP: 0/0
     0 | D:1      | 0 ||| qw: Version: 0.1-a-103-gd6f5d3a
     0 | D:1      | 0 ||| qw: Game counter: 5635
     0 | D:1      | 0 ||| qw: Always use a shield: true
     0 | D:1      | 0 ||| qw: God list: Ru
     0 | D:1      | 0 ||| qw: Allow faded altars: false
     0 | D:1      | 0 ||| qw: Do Orc after D:15 true
     0 | D:1      | 0 ||| qw: Do second Lair branch before Depths: true
     0 | D:1      | 0 ||| qw: Lair rune preference: random
     0 | D:1      | 0 ||| qw: Plans: Normal
     0 | D:1      | 0 ||| PLANNING D:1-11
    27 | D:1      | Found a faded altar of an unknown god.
    50 | D:1      | Reached skill level 3 in Axes
   203 | D:1      | Reached XP level 2. HP: 18/26 MP: 1/1
   362 | D:1      | 362 ||| Stepping ~*~*~tactically~*~*~ (stealth).
   370 | D:1      | 370 ||| Stepping ~*~*~tactically~*~*~ (stealth).
   381 | D:1      | 381 ||| Stepping ~*~*~tactically~*~*~ (stealth).
   552 | D:1      | Reached skill level 4 in Axes
   747 | D:1      | Reached XP level 3. HP: 31/31 MP: 2/2
   848 | D:1      | 848 ||| UPGRADING to ring of resist corrosion.
   849 | D:1      | 849 ||| READING scroll labelled TEIRGH OPSA.
   887 | D:2      | 887 ||| STAIRDANCE
  1107 | D:2      | Found a glowing silver altar of Zin.
  1270 | D:2      | HP: 5/31 [adder (3)]
  1272 | D:2      | HP: 2/31 [poisoned by an adder]
  1799 | D:2      | 1799 ||| UPGRADING to +0 plate armour.
  1809 | D:2      | 1809 ||| DROPPING +0 scale mail.
  1810 | D:2      | 1810 ||| UPGRADING to +0 cloak.
  1815 | D:2      | 1815 ||| UPGRADING to +2 buckler.
  1825 | D:2      | 1825 ||| DROPPING +0 buckler.
  1826 | D:2      | 1826 ||| READING scroll labelled HEFITRI KOMIXT.
  1827 | D:2      | 1827 ||| READING scroll labelled KUMICE PE GILA.
  1828 | D:2      | 1828 ||| READING scroll labelled IBOIPT KOWYADD.
  1829 | D:2      | 1829 ||| READING scroll labelled FEXITAKIES.
  1830 | D:2      | 1830 ||| READING scroll labelled JOINEF HUZUTZ.
  1831 | D:2      | 1831 ||| Stepping randomly (stuck).
  1832 | D:2      | 1832 ||| Stepping ~*~*~tactically~*~*~ (cloud).
  1836 | D:2      | HP: 7/31 [poisoned by you (poison gas)]
  1840 | D:2      | HP: 3/31 [poisoned by you (poison gas)]
  2146 | D:3      | Noticed Robin
  2152 | D:3      | Reached skill level 5 in Axes
  2160 | D:3      | Killed Robin
  2161 | D:3      | Reached XP level 4. HP: 19/39 MP: 3/3
  2180 | D:3      | 2180 ||| FLEEEEING.
  2181 | D:3      | 2181 ||| STAIRDANCE
  2371 | D:3      | 2371 ||| DROPPING +0 whip.
  2402 | D:3      | Found an iron altar of Okawaru.
  2406 | D:3      | 2406 ||| Stepping ~*~*~tactically~*~*~ (stealth).
  2461 | D:3      | Found Aconkedu's Vocational Training.
  2674 | D:3      | 2674 ||| Stepping ~*~*~tactically~*~*~ (stealth).
  2852 | D:4      | Reached skill level 1 in Throwing
  2877 | D:4      | 2877 ||| Stepping ~*~*~tactically~*~*~ (stealth).
  2881 | D:4      | Reached XP level 5. HP: 45/45 MP: 4/4
  2896 | D:4      | 2896 ||| Stepping ~*~*~tactically~*~*~ (water).
  2898 | D:4      | 2898 ||| Stepping ~*~*~tactically~*~*~ (water).
  2923 | D:4      | 2923 ||| Stepping ~*~*~tactically~*~*~ (hiding).
  3095 | D:4      | Noticed Grinder
  3111 | D:4      | Paralysed by Grinder for 2 turns
  3116 | D:4      | Killed Grinder
  3117 | D:4      | Reached skill level 7 in Axes
  3117 | D:4      | Reached XP level 6. HP: 27/51 MP: 5/5
  3483 | D:4      | Reached skill level 1 in Dodging
  3495 | D:4      | 3495 ||| Stepping ~*~*~tactically~*~*~ (stealth).
  3503 | D:4      | Found Urecryzae's Book Boutique.
  3505 | D:4      | Noticed a wyvern
  3521 | D:4      | Killed a wyvern
  3522 | D:4      | Reached XP level 7. HP: 20/61 MP: 6/6
  3778 | D:4      | 3778 ||| UPGRADING to +0 kite shield.
  3788 | D:4      | 3788 ||| DROPPING +2 buckler.
  3789 | D:4      | 3789 ||| UPGRADING to +0 pair of gloves.
  3794 | D:4      | 3794 ||| READING 2 scrolls labelled NUADDA BAMI.
  3797 | D:4      | 3797 ||| READING scroll labelled WAGUPO FO REMA.
  3798 | D:4      | 3798 ||| READING scroll labelled OXKAFF ESYRYA.
  3799 | D:4      | 3799 ||| READING 2 scrolls of identify.
  3799 | D:4      | 3799 ||| IDENTIFYING emerald potion
  3813 | D:5      | Entered Level 5 of the Dungeon
  3814 | D:5      | 3814 ||| PLANNING SEWER
  3926 | D:5      | 3926 ||| Stepping ~*~*~tactically~*~*~ (stealth).
  3928 | D:5      | 3928 ||| Stepping ~*~*~tactically~*~*~ (hiding).
  3944 | D:5      | HP: 14/61 [gnoll/+0 spear[a gnoll sergeant] (5)]
  3945 | D:5      | 3945 ||| READING scroll of teleportation.
  3945 | D:5      | HP: 5/61 [gnoll/+0 spear[a gnoll sergeant] (3)]
  4269 | D:5      | Found a glowing drain.
  4274 | D:5      | 4274 ||| Stepping randomly (stuck).
  4275 | D:5      | 4275 ||| Stepping randomly (stuck).
  4283 | D:5      | 4283 ||| Stepping randomly (stuck).
  4284 | D:5      | 4284 ||| Stepping randomly (stuck).
  4286 | D:5      | 4286 ||| Stepping randomly (stuck).
  4287 | D:5      | 4287 ||| Stepping randomly (stuck).
  4288 | D:5      | 4288 ||| Stepping randomly (stuck).
  4289 | D:5      | 4289 ||| Stepping randomly (stuck).
  4314 | Sewer    | Entered a sewer
  4317 | Sewer    | 4317 ||| Stepping ~*~*~tactically~*~*~ (stealth).
  4329 | Sewer    | Reached skill level 8 in Axes
  4429 | Sewer    | 4429 ||| READING scroll labelled LEDGHE VIYNA.
  4430 | Sewer    | 4430 ||| READING scroll labelled BYJEKK ROANU.
  4431 | Sewer    | 4431 ||| DRINKING 2 fizzy yellow potions.
  4432 | Sewer    | 4432 ||| DROPPING potion of degeneration.
  4437 | D:5      | 4437 ||| PLANNING D:1-11
  4498 | D:5      | 4498 ||| Stepping ~*~*~tactically~*~*~ (stealth).
  4771 | D:5      | 4771 ||| Stepping ~*~*~tactically~*~*~ (hiding).
  4777 | D:5      | Reached skill level 6 in Shields
  5071 | D:5      | Found a runed translucent gate.
  5071 | D:5      | Found a runed translucent gate.
  5071 | D:5      | Found a runed translucent gate.
  5072 | D:5      | Noticed qw's ghost (novice FoCA)
  5144 | D:5      | 5144 ||| Stepping ~*~*~tactically~*~*~ (stealth).
  5250 | D:5      | 5250 ||| Stepping ~*~*~tactically~*~*~ (stealth).
  5665 | D:5      | 5665 ||| Stepping ~*~*~tactically~*~*~ (stealth).
  5666 | D:5      | 5666 ||| Stepping ~*~*~tactically~*~*~ (stealth).
  5825 | D:5      | 5825 ||| READING scroll labelled AMOMAB LONAM.
  5826 | D:5      | 5826 ||| DRINKING 3 bubbling puce potions.
  5827 | D:5      | 5827 ||| DRINKING 2 orange potions.
  5828 | D:5      | 5828 ||| DROPPING 2 potions of invisibility.
  5863 | D:6      | 5863 ||| Stepping ~*~*~tactically~*~*~ (stealth).
  5864 | D:6      | 5864 ||| Stepping ~*~*~tactically~*~*~ (hiding).
  5865 | D:6      | 5865 ||| Stepping ~*~*~tactically~*~*~ (stealth).
  5866 | D:6      | 5866 ||| Stepping ~*~*~tactically~*~*~ (stealth).
  5867 | D:6      | 5867 ||| Stepping ~*~*~tactically~*~*~ (hiding).
  5871 | D:6      | 5871 ||| DRINKING 2 potions of curing.
  5871 | D:6      | 5871 ||| (to cure confusion)
  5877 | D:6      | Reached XP level 8. HP: 68/68 MP: 7/7
  5890 | D:6      | 5890 ||| READING scroll of enchant armour.
  5890 | D:6      | 5890 ||| ENCHANTING +0 pair of gloves.
  5920 | D:6      | Noticed a +0 hand axe
  5920 | D:6      | Noticed a +0 dagger
  5926 | D:6      | 5926 ||| UPGRADING to +0 pair of boots.
  5942 | D:6      | Reached skill level 9 in Axes
  5944 | D:6      | HP: 15/68 [orc warrior/+0 hand axe (4)]
  5945 | D:6      | 5945 ||| DRINKING potion of heal wounds.
  6140 | D:6      | Found a hide-covered altar of Uskayaw.
  6174 | D:6      | Found an ancient bone altar of Kikubaaqudgha.
  6224 | D:6      | Reached skill level 10 in Axes
  6332 | D:6      | Reached skill level 6 in Fighting
  6332 | D:6      | 6332 ||| DROPPING +0 flail.
  6576 | D:6      | Found a staircase to the Ecumenical Temple.
  6577 | D:6      | 6577 ||| PLANNING TEMPLE
  6577 | D:6      | 6577 ||| DROPPING +6 ring of intelligence.
  6578 | D:6      | 6578 ||| READING 2 scrolls of identify.
  6578 | D:6      | 6578 ||| IDENTIFYING bubbling sapphire potion
  6579 | D:6      | 6579 ||| DROPPING potion of berserk rage.
  6595 | D:6      | Reached XP level 9. HP: 75/75 MP: 8/8
  6600 | Temple   | Entered the Ecumenical Temple
  6686 | Temple   | Became a worshipper of Ru the Awakened
  6688 | Temple   | 6688 ||| PLANNING D:1-11
  6860 | D:6      | Reached skill level 11 in Axes
  7238 | D:7      | Found a snail-covered altar of Cheibriados.
  7307 | D:7      | 7307 ||| Stepping ~*~*~tactically~*~*~ (hiding).
  7312 | D:7      | Reached skill level 3 in Throwing
  7750 | D:7      | Reached skill level 6 in Armour
  8015 | D:7      | Found a blossoming altar of Fedhas.
  8023 | D:7      | 8023 ||| UPGRADING to ring of positive energy.
  8024 | D:7      | 8024 ||| UPGRADING to +6 ring of strength.
  8026 | D:7      | 8026 ||| UPGRADING to ring of resist corrosion.
  8028 | D:7      | 8028 ||| READING scroll labelled AFRUSSUSCHA.
  8029 | D:7      | 8029 ||| READING scroll labelled OVEBRU LIOBAIK.
  8030 | D:7      | 8030 ||| DRINKING 3 coppery potions.
  8031 | D:7      | 8031 ||| DROPPING 2 potions of brilliance.
  8137 | D:8      | Noticed Psyche
  8138 | D:8      | 8138 ||| Stepping ~*~*~tactically~*~*~ (hiding).
  8148 | D:8      | Killed Psyche
  8225 | D:8      | 8225 ||| Stepping ~*~*~tactically~*~*~ (hiding).
  8227 | D:8      | 8227 ||| DRINKING 3 potions of curing.
  8227 | D:8      | 8227 ||| (to cure confusion)
  8233 | D:8      | 8233 ||| DRINKING 2 potions of curing.
  8233 | D:8      | 8233 ||| (to cure confusion)
  8243 | D:8      | Reached skill level 12 in Axes
  8255 | D:8      | 8255 ||| INVOKING Sacrifice Nimbleness.
  8255 | D:8      | Gained mutation: You cannot train Dodging skill. [Ru
                  | sacrifice]
  8255 | D:8      | Reached * piety under Ru
  8303 | D:8      | 8303 ||| Stepping ~*~*~tactically~*~*~ (stealth).
  8315 | D:8      | 8315 ||| FLEEEEING.
  8316 | D:8      | 8316 ||| FLEEEEING.
  8317 | D:8      | 8317 ||| FLEEEEING.
  8321 | D:8      | 8321 ||| FLEEEEING.
  8324 | D:8      | 8324 ||| FLEEEEING.
  8329 | D:8      | 8329 ||| FLEEEEING.
  8331 | D:8      | 8331 ||| FLEEEEING.
  8332 | D:8      | 8332 ||| FLEEEEING.
  8333 | D:8      | 8333 ||| FLEEEEING.
  8334 | D:8      | 8334 ||| FLEEEEING.
  8335 | D:8      | 8335 ||| FLEEEEING.
  8336 | D:8      | 8336 ||| FLEEEEING.
  8337 | D:8      | 8337 ||| FLEEEEING.
  8338 | D:8      | 8338 ||| FLEEEEING.
  8339 | D:8      | 8339 ||| FLEEEEING.
  8340 | D:8      | 8340 ||| FLEEEEING.
  8341 | D:8      | 8341 ||| FLEEEEING.
  8342 | D:8      | 8342 ||| FLEEEEING.
  8343 | D:8      | 8343 ||| FLEEEEING.
  8345 | D:8      | 8345 ||| STAIRDANCE
  8402 | D:8      | 8402 ||| DROPPING +4 flail.
  8534 | D:8      | Noticed Erica
  8535 | D:8      | 8535 ||| Stepping ~*~*~tactically~*~*~ (hiding).
  8539 | D:8      | 8539 ||| Stepping ~*~*~tactically~*~*~ (hiding).
  8550 | D:8      | Killed Erica
  8551 | D:8      | Reached XP level 10. HP: 38/89 MP: 9/9
  8576 | D:8      | 8576 ||| Stepping ~*~*~tactically~*~*~ (stealth).
  8577 | D:8      | 8577 ||| Stepping ~*~*~tactically~*~*~ (stealth).
  8578 | D:8      | 8578 ||| FLEEEEING.
  8579 | D:8      | 8579 ||| FLEEEEING.
  8580 | D:8      | 8580 ||| Stepping ~*~*~tactically~*~*~ (hiding).
  8581 | D:8      | 8581 ||| Stepping ~*~*~tactically~*~*~ (hiding).
  8588 | D:8      | HP: 18/89 [gnoll sergeant/+0 spear (7)]
  8589 | D:8      | 8589 ||| DRINKING potion of heal wounds.
  8604 | D:8      | 8604 ||| Stepping ~*~*~tactically~*~*~ (stealth).
  8606 | D:8      | 8606 ||| FLEEEEING.
  8607 | D:8      | 8607 ||| FLEEEEING.
  8608 | D:8      | 8608 ||| FLEEEEING.
  8609 | D:8      | 8609 ||| FLEEEEING.
  8610 | D:8      | 8610 ||| FLEEEEING.
  8611 | D:8      | 8611 ||| FLEEEEING.
  8612 | D:8      | 8612 ||| FLEEEEING.
  8613 | D:8      | 8613 ||| FLEEEEING.
  8614 | D:8      | 8614 ||| FLEEEEING.
  8615 | D:8      | 8615 ||| FLEEEEING.
  8616 | D:8      | 8616 ||| FLEEEEING.
  8617 | D:8      | 8617 ||| FLEEEEING.
  8618 | D:8      | 8618 ||| FLEEEEING.
  8619 | D:8      | 8619 ||| FLEEEEING.
  8620 | D:8      | 8620 ||| FLEEEEING.
  8621 | D:8      | 8621 ||| FLEEEEING.
  8622 | D:8      | 8622 ||| FLEEEEING.
  8623 | D:8      | 8623 ||| FLEEEEING.
  8624 | D:8      | 8624 ||| FLEEEEING.
  8625 | D:8      | 8625 ||| FLEEEEING.
  8626 | D:8      | 8626 ||| FLEEEEING.
  8627 | D:8      | 8627 ||| FLEEEEING.
  8628 | D:8      | 8628 ||| FLEEEEING.
  8630 | D:8      | 8630 ||| FLEEEEING.
  8632 | D:8      | 8632 ||| FLEEEEING.
  8633 | D:8      | 8633 ||| FLEEEEING.
  8634 | D:8      | 8634 ||| FLEEEEING.
  8635 | D:8      | 8635 ||| FLEEEEING.
  8636 | D:8      | 8636 ||| FLEEEEING.
  8637 | D:8      | 8637 ||| STAIRDANCE
  8791 | D:7      | 8791 ||| READING 2 scrolls of identify.
  8791 | D:7      | 8791 ||| IDENTIFYING silvery potion
  8792 | D:7      | 8792 ||| DROPPING potion of attraction.
  8875 | D:8      | 8875 ||| Stepping ~*~*~tactically~*~*~ (hiding).
  8898 | D:8      | 8898 ||| Stepping ~*~*~tactically~*~*~ (hiding).
  8910 | D:8      | 8910 ||| FLEEEEING.
  8911 | D:8      | 8911 ||| FLEEEEING.
  9072 | D:8      | 9072 ||| FLEEEEING.
  9074 | D:8      | 9074 ||| FLEEEEING.
  9075 | D:8      | 9075 ||| FLEEEEING.
  9076 | D:8      | 9076 ||| FLEEEEING.
  9080 | D:8      | 9080 ||| FLEEEEING.
  9081 | D:8      | 9081 ||| FLEEEEING.
  9082 | D:8      | 9082 ||| FLEEEEING.
  9084 | D:8      | 9084 ||| FLEEEEING.
  9086 | D:8      | 9086 ||| FLEEEEING.
  9087 | D:8      | 9087 ||| FLEEEEING.
  9088 | D:8      | 9088 ||| FLEEEEING.
  9089 | D:8      | 9089 ||| FLEEEEING.
  9090 | D:8      | 9090 ||| FLEEEEING.
  9092 | D:8      | 9092 ||| FLEEEEING.
  9093 | D:8      | 9093 ||| FLEEEEING.
  9094 | D:8      | 9094 ||| FLEEEEING.
  9095 | D:8      | 9095 ||| FLEEEEING.
  9096 | D:8      | 9096 ||| FLEEEEING.
  9097 | D:8      | 9097 ||| FLEEEEING.
  9098 | D:8      | 9098 ||| FLEEEEING.
  9100 | D:8      | 9100 ||| FLEEEEING.
  9101 | D:8      | 9101 ||| FLEEEEING.
  9103 | D:8      | 9103 ||| FLEEEEING.
  9104 | D:8      | 9104 ||| FLEEEEING.
  9105 | D:8      | 9105 ||| FLEEEEING.
  9106 | D:8      | 9106 ||| FLEEEEING.
  9107 | D:8      | 9107 ||| FLEEEEING.
  9108 | D:8      | 9108 ||| FLEEEEING.
  9109 | D:8      | 9109 ||| FLEEEEING.
  9110 | D:8      | 9110 ||| STAIRDANCE
  9441 | D:8      | 9441 ||| Stepping ~*~*~tactically~*~*~ (stealth).
  9442 | D:8      | 9442 ||| Stepping ~*~*~tactically~*~*~ (stealth).
  9487 | D:8      | 9487 ||| Stepping ~*~*~tactically~*~*~ (hiding).
  9490 | D:8      | 9490 ||| Stepping ~*~*~tactically~*~*~ (hiding).
  9497 | D:8      | Reached skill level 9 in Shields
  9497 | D:8      | 9497 ||| Stepping ~*~*~tactically~*~*~ (stealth).
  9600 | D:8      | 9600 ||| Stepping ~*~*~tactically~*~*~ (stealth).
  9602 | D:8      | 9602 ||| Stepping ~*~*~tactically~*~*~ (stealth).
  9856 | D:8      | 9856 ||| DROPPING scarf of invisibility.
  9857 | D:8      | 9857 ||| READING scroll labelled XETAIDERRU.
  9907 | D:9      | 9907 ||| Stepping ~*~*~tactically~*~*~ (hiding).
  9923 | D:9      | Found a basalt altar of Yredelemnul.
  9994 | D:9      | Reached skill level 13 in Axes
 10008 | D:9      | HP: 17/89 [poisoned by a killer bee]
 10009 | D:9      | 10009 ||| READING scroll of teleportation.
 10009 | D:9      | HP: 2/89 [killer bee (7)]
 10010 | D:9      | Succumbed to a killer bee's poison

Levels and vault maps discovered:
D:1:      sevenhm_arrival_forest_fort_small_4, layout_rooms,
          ebering_ecumenical_altar_ruins
D:2:      layout_loops_ring, basic_altar
D:3:      layout_rooms, lemuel_crystal_altar, nicolae_shop_vocational,
          uniq_robin
D:4:      kennysheep_big_flooded_room, layout_rooms, serial_shops, shop,
          uniq_grinder
D:5:      layout_layer_cave, cheibrodos_sewer_entry_bend,
          gammafunk_ghost_necromancy, amcnicky_mini_corridor_feature,
          amethyst_killhole, minmay_lizard_king
D:6:      layout_loops_ring, dancing_weapons_uskayaw, kennysheep_vampire_church,
          minmay_temple_entry_nine_rooms
D:7:      layout_basic, slow_altar_1, lemuel_coloured_pillars_altar
D:8:      layout_basic, minmay_increasing_density, uniq_erica, uniq_psyche
D:9:      layout_roguey, yredelemnul_altar_generic, minivault_7
Temple:   lightli_temple_of_artemis

Skill      XL: |  1  2  3  4  5  6  7  8  9 10 |
---------------+-------------------------------+-----
Axes           | 3 4 5 7 8 10 12 13 | 13.0
Throwing       | 1 2 3 |  3.1
Dodging        | 1 0 |  0.0
Fighting       | 5 6 8 |  8.3
Shields        | 6 7 8 9 |  9.0
Armour         | 4 5 6 |  6.6

Action                   |  1- 3 |  4- 6 |  7- 9 | 10-12 || total
-------------------------+-------+-------+-------+-------++-------
Melee: War axe           |    79 |    72 |   218 |   103 ||   472
       Headbutt          |    10 |    12 |    31 |    18 ||    71
Throw: Javelin           |       |    17 |    73 |    10 ||   100
Invok: Sacrifice Nimblen |       |       |     1 |       ||     1
  Use: Scroll            |     6 |       |    12 |     3 ||    21
       Potion            |       |       |     8 |     1 ||     9
 Stab: Invisible         |       |       |     1 |       ||     1
Armor: Scale mail        |    18 |       |       |       ||    18
       Plate armour      |    16 |    19 |   126 |    43 ||   204
Dodge: Dodged            |    32 |    18 |    37 |    29 ||   116
Block: Buckler           |    24 |    25 |       |       ||    49
       Kite shield       |       |       |    96 |    46 ||   142

Table legend:
 A = Non-vault XP
 B = Vault XP
 C = Vault XP percentage of total XP
 D = Non-vault monster count
 E = Vault monster count
 F = Vault count percentage of total count
                 A         B        C        D         E       F
            +---------+---------+-------+---------+---------+-------
      Total |    5310 |    2406 |  31.2 |     159 |      50 |  23.9
            +---------+---------+-------+---------+---------+-------
        D:1 |      43 |       0 |   0.0 |      25 |       0 |   0.0
        D:2 |      20 |       0 |   0.0 |       7 |       0 |   0.0
        D:3 |      38 |      37 |  49.3 |      14 |      12 |  46.2
        D:4 |     327 |     294 |  47.3 |      17 |       3 |  15.0
        D:5 |     460 |      57 |  11.0 |      13 |      11 |  45.8
        D:6 |    1663 |     124 |   6.9 |      33 |       7 |  17.5
        D:7 |     977 |      39 |   3.8 |      12 |       1 |   7.7
        D:8 |    1364 |    1793 |  56.8 |      26 |       9 |  25.7
        D:9 |     418 |       0 |   0.0 |      12 |       0 |   0.0
      Sewer |       0 |      62 | 100.0 |       0 |       7 | 100.0
            +---------+---------+-------+---------+---------+-------
